 Dungeon Crawl Stone Soup version 0.23-a0-141-g456867d (webtiles) character file.

74 galech the Skirmisher (level 4, 16/35 HPs)
             Began as a Demonspawn Monk on Aug 31, 2018.
             Quit the game on level 2 of the Dungeon.
             The game lasted 00:02:16 (1474 turns).

galech the Skirmisher (Demonspawn Monk)             Turns: 1474, Time: 00:02:17

Health: 16/35      AC:  8    Str: 12    XL:     4   Next: 10%
Magic:  4/4        EV:  6    Int: 11    God:
Gold:   122        SH:  0    Dex: 16    Spells: 3/3 levels left

rFire    . . .     SeeInvis .   o - +0 war axe
rCold    . . .     Gourm    .   (no shield)
rNeg     . . .     Faith    .   n - +0 chain mail
rPois    .         Spirit   .   (helmet restricted)
rElec    .         Reflect  .   (no cloak)
rCorr    .         Harm     .   (no gloves)
MR       .....                  (no boots)
Stlth    +.........             (no amulet)
HPRegen  0.11/turn              b - ring of stealth
MPRegen  0.09/turn              (no ring)

@: mildly poisoned (16 -> 12)
A: antennae 1, nightstalker 1, powered by pain 1
a: no special abilities


You were on level 2 of the Dungeon.
You were not hungry.

You visited 1 branch of the dungeon, and saw 2 of its levels.

You collected 122 gold pieces.

Inventory:

Hand Weapons
 a - a +0 hand axe
 o - a +0 war axe (weapon)
Armour
 n - a +0 chain mail (worn)
Jewellery
 b - a ring of stealth (left hand)
Scrolls
 e - a scroll of noise {unknown}
 f - a scroll of identify {unknown}
 h - 3 scrolls of magic mapping {unknown}
 q - a scroll of fear {unknown}
 s - a scroll of enchant weapon {unknown}
Potions
 d - a potion of heal wounds {unknown}
 i - a potion of brilliance {unknown}
 j - a potion of might {unknown}
 k - a potion of curing {unknown}
 l - a potion of magic {unknown}
 m - 2 potions of lignification {unknown}
 p - a potion of berserk rage {unknown}
 r - a potion of agility {unknown}
Comestibles
 c - 6 rations
 g - 5 chunks of flesh


   Skills:
 + Level 3.5 Fighting
 + Level 3.4 Axes
 + Level 0.7 Armour
 + Level 3.0 Dodging
 + Level 2.2 Stealth


You had 3 spell levels left.
You didn't know any spells.
Your spell library was empty.

Dungeon Overview and Level Annotations

Branches:
Dungeon (2/15)

Altars:
Dithmenos


Innate Abilities, Weirdness & Mutations

You have a pair of small antennae on your head.
You are slightly more attuned to the shadows.
You sometimes gain a little power by taking damage.


Message History

You are too injured to fight recklessly!
You are too injured to fight recklessly!
You are too injured to fight recklessly!
You are too injured to fight recklessly!
You are too injured to fight recklessly!
You are too injured to fight recklessly!
You are too injured to fight recklessly!
You are too injured to fight recklessly!
You are too injured to fight recklessly!
Your chain mail prevents you from hitting the adder.
The adder is almost dead.
You feel sick. The adder bites you but does no damage.
The adder barely misses you.
You hit the adder.
You kill the adder!
You have reached level 4!
You feel stronger.
Your demonic ancestry asserts itself...
A pair of antennae grows on your head!
You feel sick.
Are you sure you want to abandon this character and quit the game? (Confirm

#...# #.# #...#
#.# #...# #.#
##.## #.# #.# #.#
####.######.#
#...........#
#.##....##########
#@#####.# #.......
#......# #.#
#.######
#......#.###.###.#
###
########.........#
#.. ###.....# #.#
#####.####.#
#..[...# ########


There were no monsters in sight!

Vanquished Creatures
  A worker ant (D:2)
  An adder (D:2)
  An ooze (D:1)
  2 worms
  A dart slug (D:2)
  6 bats
  2 giant cockroaches
  4 goblins
  4 hobgoblins
  3 kobolds
  A quokka (D:2)
  A ball python (D:1)
  A frilled lizard (D:2)
  3 rats (D:1)
31 creatures vanquished.

Notes
Turn   | Place    | Note
-------+----------+-------------------------------------------
     0 | D:1      | galech the Demonspawn Monk began the quest for the Orb.
     0 | D:1      | Reached XP level 1. HP: 18/18 MP: 1/1
   471 | D:1      | Gained mutation: You sometimes gain a little power by
                  | taking damage. [demonic ancestry]
   471 | D:1      | Reached XP level 2. HP: 21/24 MP: 2/2
   976 | D:2      | Found a shadowy altar of Dithmenos.
   996 | D:2      | Gained mutation: You are slightly more attuned to the
                  | shadows. [demonic ancestry]
   996 | D:2      | Reached XP level 3. HP: 13/29 MP: 3/3
  1473 | D:2      | Gained mutation: You have a pair of small antennae on your
                  | head. [demonic ancestry]
  1473 | D:2      | Reached XP level 4. HP: 17/35 MP: 4/4
  1474 | D:2      | Quit the game

Vault maps used:
D:1:      dpeg_arrival_brainrot, columned_hall_lemuel
D:2:      first_ration, nicolae_dithmenos_shadow_blocks

Skill      XL: |  1  2 |
---------------+-------+-----
Stealth        | 2 |  2.2
Axes           | 3 |  3.4
Dodging        | 3 |  3.0
Fighting       | |  3.5
Armour         | |  0.7

Action                   |  1- 3 |  4- 6 || total
-------------------------+-------+-------++-------
Melee: Hand axe          |    71 |       ||    71
       War axe           |    45 |       ||    45
 Stab: Sleeping          |     2 |       ||     2
  Eat: Chunk             |     2 |       ||     2
Armor: Robe              |     5 |       ||     5
       Chain mail        |    57 |       ||    57
       Scale mail        |    11 |       ||    11
Dodge: Dodged            |    44 |       ||    44

Table legend:
 A = Non-vault XP
 B = Vault XP
 C = Vault XP percentage of total XP
 D = Non-vault monster count
 E = Vault monster count
 F = Vault count percentage of total count
                 A         B        C        D         E       F
            +---------+---------+-------+---------+---------+-------
      Total |     102 |       5 |   4.7 |      30 |       1 |   3.2
            +---------+---------+-------+---------+---------+-------
        D:1 |      29 |       5 |  14.7 |      15 |       1 |   6.2
        D:2 |      73 |       0 |   0.0 |      15 |       0 |   0.0
            +---------+---------+-------+---------+---------+-------
